 Dungeon Crawl Stone Soup version 0.20-a0-1124-g2e29d97 (webtiles) character file.

86 Naow the Firebug (level 4, 0/27 HPs)
             Began as an Octopode Fire Elementalist on May 16, 2017.
             Slain by a worker ant (2 damage)
             ... on level 3 of the Dungeon.
             The game lasted 00:04:04 (2986 turns).

Naow the Firebug (Octopode Fire Elementalist)       Turns: 2986, Time: 00:04:04

Health: 0/27       AC:  1    Str:  7    XL:     4   Next: 50%
Magic:  3/8        EV: 13    Int: 18    God:
Gold:   97         SH:  0    Dex: 12    Spells: 7/8 levels left

rFire    . . .     SeeInvis .   d - +0 dagger
rCold    . . .     Gourm    .   (no shield)
rNeg     . . .     Faith    .   (helmet restricted)
rPois    .         Spirit   .   (no amulet)
rElec    .         Reflect  .   (no ring)
rCorr    .         Harm     .   (no ring)
MR       .....                  (no ring)
Stlth    +++.......             (no ring)
Regen    0.1/turn               (no ring)
MPRegen  0.2/turn               (no ring)
                                (no ring)
                                (no ring)

@: lethally poisoned (0 -> -17), very slightly contaminated
A: almost no armour, stealthy swim, amphibious, 8 rings, constrict 8, camouflage
1, gelatinous body 1
a: no special abilities


You were on level 3 of the Dungeon.
You were not hungry.

You visited 1 branch of the dungeon, and saw 3 of its levels.

You collected 97 gold pieces.

Inventory:

Hand Weapons
 d - a +0 dagger (weapon)
Scrolls
 e - a scroll of identify {unknown}
 f - 2 scrolls of remove curse {unknown}
 g - 3 scrolls of magic mapping {unknown}
 j - a scroll of enchant armour {unknown}
 o - 2 scrolls of teleportation {unknown}
Potions
 c - 2 potions of agility {unknown}
 h - a potion of ambrosia {unknown}
 l - a potion of haste {unknown}
 m - a potion of invisibility {unknown}
Books
 a - a book of Flames

   Spells                             Type                      Level
   a - Flame Tongue                   Conjuration/Fire             1
   b - Throw Flame                    Conjuration/Fire             2
   c - Conjure Flame                  Conjuration/Fire             3
   d - Inner Flame                    Hexes/Fire                   3
   e - Sticky Flame                   Conjuration/Fire             4
   f - Fireball                       Conjuration/Fire             5
Comestibles
 b - 2 bread rations
 i - 4 fruits
 k - 2 chunks of flesh
 n - a meat ration


   Skills:
 - Level 2.0 Dodging
 - Level 2.6 Stealth
 + Level 2.7 Spellcasting
 + Level 2.4 Conjurations
 + Level 4.0 Fire Magic


You had 7 spell levels left.
You knew the following spells:

 Your Spells              Type           Power        Failure   Level  Hunger
a - Flame Tongue          Conj/Fire      ##...        4%          1    #......


Dungeon Overview and Level Annotations

Branches:
Dungeon (3/15)

Altars:

Annotations:
D:3 Ijyb


Innate Abilities, Weirdness & Mutations

You cannot wear most types of armour.
You are very stealthy in the water. (Stealth+)
You are amphibious.
You can wear up to eight rings at the same time.
You can use your tentacles to constrict eight enemies at once.
Your skin changes colour to match your surroundings (Stealth+).
Your rubbery body absorbs attacks. (AC +1, EV +1)


Message History

Confirm with . or Enter, or press ? or * to list all spells.
Aiming: Flame Tongue
Press: ? - help, Shift-Dir - straight line, f/p - worker ant
Aim: a worker ant (severely wounded, constricted by you)
The flame tongue hits the worker ant.
The worker ant appears unharmed.
The worker ant is severely wounded.
You constrict the worker ant.
* * * LOW HITPOINT WARNING * * *
You feel sick. The worker ant barely misses you.
Casting: Flame Tongue
Confirm with . or Enter, or press ? or * to list all spells.
Aiming: Flame Tongue
Press: ? - help, Shift-Dir - straight line, f/p - worker ant
Aim: a worker ant (severely wounded, constricted by you)
The flame tongue hits the worker ant.
The worker ant is severely wounded.
You constrict the worker ant.
* * * LOW HITPOINT WARNING * * *
You feel sick. The worker ant barely misses you. The worker ant bites you.
You die...

#..#.......< #.
............. #.#
.........÷.. #.#
........>.. #.# #.#.......)
# #.# #.#...##... . #.#.#
#..#..#....
...##.#.##########......#..
........ra@..........#..#..
##.###.#########..#.......
#..##.# ###..##...####
#....#### #...###.### ###
####....###.### ### ....#
##.##..#..#####
......#......÷........
.....g.........#######
(..............#


You could see a worker ant and a rat.

Vanquished Creatures
  An ooze (D:1)
  3 worms (D:2)
  2 dart slugs (D:1)
  2 leopard geckos (D:1)
  An orc (D:2)
  7 giant cockroaches
  9 goblins
  6 hobgoblins
  7 jackals
  7 bats
  5 frilled lizards
  5 kobolds
  9 rats
64 creatures vanquished.

Notes
Turn   | Place    | Note
-------+----------+-------------------------------------------
     0 | D:1      | Naow the Octopode Fire Elementalist began the quest for the Orb.
     0 | D:1      | Reached XP level 1. HP: 11/11 MP: 3/3
    89 | D:1      | Reached XP level 2. HP: 13/17 MP: 0/5
   683 | D:1      | Reached XP level 3. HP: 21/21 MP: 1/6
  1795 | D:2      | Reached XP level 4. HP: 27/27 MP: 2/7
  2844 | D:2      | Reached skill level 4 in Fire Magic
  2965 | D:3      | Noticed Ijyb
  2986 | D:3      | Slain by a worker ant

Vault maps used:
D:1:      scummos_arrival_checkerplants
D:3:      nicolae_overflow_crystal_walls, uniq_natasha, uniq_ijyb

Skill      XL: |  1  2  3  4 |
---------------+-------------+-----
Conjurations   | 2 |  2.4
Fire Magic     | 4 |  4.0
Dodging        | |  2.0
Stealth        | |  2.6
Spellcasting   | |  2.7

Action                   |  1- 3 |  4- 6 || total
-------------------------+-------+-------++-------
Melee: Unarmed           |     6 |       ||     6
       Constrict         |    10 |     4 ||    14
       Tentacles         |     7 |     3 ||    10
       Dagger            |    36 |     8 ||    44
 Cast: Flame Tongue      |    52 |    43 ||    95
 Stab: Sleeping          |     2 |       ||     2
  Eat: Chunk             |     3 |     4 ||     7
Armor: Skin              |     4 |     3 ||     7
Dodge: Dodged            |    60 |    15 ||    75
